 Dungeon Crawl Stone Soup version 0.25.0-10-g039870ee82 (webtiles) character file.

Game seed: 9350029460143449637

9132 dengdeng the Cleaver (level 11, -10/142 HPs)
             Began as a Minotaur Berserker on June 22, 2020.
             Was a High Priest of Trog.
             Mangled by Snorg (15 damage)
             ... on level 10 of the Dungeon.
             The game lasted 00:30:23 (9432 turns).

dengdeng the Cleaver (Minotaur Berserker)           Turns: 9432, Time: 00:30:23

Health: -10/142    AC: 16    Str: 25    XL:     11   Next: 19%
Magic:  10/10      EV: 10    Int:  4    God:    Trog [*****.]
Gold:   472        SH:  5    Dex: 10    Spells: 10/10 levels left

rFire    + . .     SeeInvis .   O - +2 war axe (flame)
rCold    x . .     Gourm    .   (no shield)
rNeg     . . .     Faith    .   v - +0 chain mail
rPois    .         Spirit   .   q - +2 hat
rElec    .         Reflect  +   (no cloak)
rCorr    .         Harm     .   (no gloves)
MR       .....                  L - +2 pair of boots
Stlth    ..........             g - amulet of reflection
HPRegen  0.33/turn              o - ring of fire
MPRegen  0.12/turn              (no ring)

@: berserking, very quick
A: retaliatory headbutt, horns 2
a: Berserk, Trog's Hand, Brothers in Arms, Renounce Religion


You were on level 10 of the Dungeon.
You worshipped Trog.
Trog was extremely pleased with you.
You were hungry.

You visited 1 branch of the dungeon, and saw 10 of its levels.
You also visited: Ossuary.

You collected 472 gold pieces.

Inventory:

Hand Weapons
 H - a +2 flail of venom
 K - a +0 battleaxe
 O - a +2 war axe of flaming (weapon)
Missiles
 m - 206 stones
 E - 5 javelins
 T - 4 boomerangs (quivered)
Armour
 i - a +0 tower shield
 q - a +2 hat (worn)
 v - a +0 chain mail (worn)
 C - a scarf of harm
 L - a +2 pair of boots (worn)
Jewellery
 a - a cursed ring of teleportation {unknown}
 g - an amulet of reflection (around neck)
 l - an uncursed amulet of magic regeneration
 o - a ring of fire (left hand)
 P - an uncursed ring of positive energy {unknown}
Wands
 D - a wand of clouds (2)
 G - a wand of paralysis (23)
 M - a wand of iceblast (6)
 Q - a wand of flame (35)
 S - a wand of acid (7)
Scrolls
 d - 6 scrolls of enchant weapon {unknown}
 e - 4 scrolls of teleportation {unknown}
 h - 3 scrolls of fog {unknown}
 p - 8 scrolls of remove curse {unknown}
 s - 2 scrolls of magic mapping {unknown}
 t - 3 scrolls of random uselessness {unknown}
 u - 5 scrolls of identify {unknown}
 w - 2 scrolls of blinking {unknown}
 y - 2 scrolls of noise {unknown}
 A - a scroll of immolation {unknown}
 B - a scroll of amnesia {unknown}
 R - 2 scrolls of fear {unknown}
 U - a scroll of enchant armour {unknown}
Potions
 b - a potion of stabbing {unknown}
 f - 7 potions of degeneration {unknown}
 j - a potion of magic {unknown}
 k - a potion of haste {unknown}
 n - 4 potions of heal wounds {unknown}
 r - 5 potions of might {unknown}
 x - 2 potions of brilliance {unknown}
 z - 6 potions of curing {unknown}
 F - 2 potions of resistance {unknown}
 I - a potion of flight {unknown}
 N - 2 potions of cancellation {unknown}
Comestibles
 c - 21 rations
 J - 19 chunks of flesh


   Skills:
 + Level 8.7 Fighting
 + Level 13.2(13.3) Axes
 + Level 2.0(9.0) Maces & Flails
 + Level 2.4 Throwing
 + Level 8.3 Armour
 + Level 4.9 Dodging
 + Level 1.2 Stealth
 + Level 9.6 Shields


You had 10 spell levels left.
You didn't know any spells.
Your spell library contained the following spells:

 Spells                   Type           Power        Failure   Level  Hunger
 Magic Dart               Conj           #...         97%         1    ##.....
 Searing Ray              Conj           #.....       99%         2    ###....
 Dazzling Flash           Conj/Hex       #.....       100%        3    ####...
 Fulminant Prism          Conj/Hex       #.........   100%        4    #####..
 Iskenderun's Mystic Bla  Conj/Tloc      #.......     100%        4    #####..


Dungeon Overview and Level Annotations

Branches:
Dungeon (10/15)            Temple (0/1) D:6            Lair (0/6) D:10
Ossuary (visited)
    Orc: D:9-12

Altars:
Ashenzari
Cheibriados
Elyvilon
Fedhas
Makhleb
Nemelex Xobeh
Qazlal
Sif Muna
Trog
Uskayaw
Wu Jian
Xom
Yredelemnul

Shops:
D:8 [   D:9 *}

Annotations:
D:10 Snorg


Innate Abilities, Weirdness & Mutations

You reflexively headbutt those who attack you in melee.
You have a pair of horns on your head.


Message History

Snorg claws you.
* * * LOW HITPOINT WARNING * * *
Snorg claws you.
* * * LOW HITPOINT WARNING * * *
You barely miss Snorg. Your headbutt misses Snorg.
Snorg is severely wounded.
You slash the plant! You burn the plant. You hit the plant. You burn the plant.
Snorg bites you.
* * * LOW HITPOINT WARNING * * *
Snorg claws you but does no damage. x2
Unknown command.
A red film seems to cover your vision as you go berserk!
You feel yourself moving faster!
You feel mighty!
You are feeling hungry.
Snorg bites you!
* * * LOW HITPOINT WARNING * * *
Snorg claws you but does no damage. Snorg claws you!
* * * LOW HITPOINT WARNING * * *
You block Snorg's attack. Snorg claws you!
You die...

....P....PPP..##......#
......P.PP.P..# ##...#..
........PPPP.#####......
.....PPPPP...##.........
.....PPPP..P.........#..
P.....P.P...............
#.P.....P..########...##
#...P}PP.PP#### ##...#
.......@T....... ....#
###.%.....##.... .....
#........## ..... .....
#.#....... .... #.#..
.....###.(. .... #..
.#.## ##.... ... .###
##...# ........ ...#
##....##. #...... ####
##...#.#..... ≈≈≈


You could see Snorg (berserk).

Vanquished Creatures
  A hydra (D:10)
  A two-headed ogre (D:9)
  Pikel (D:6)
  Grinder (D:5)
  A wyvern (D:10)
  5 yaks (D:10)
  Grum (D:8)
  A vampire (D:10)
  Eustachio (D:6)
  Edmund (D:6)
  Menkaure (D:6)
  2 porcupines (D:10)
  2 orc warriors (D:7)
  2 sky beasts
  A black bear (D:10)
  A phantom (D:5)
  4 ogres
  3 centaurs
  2 wolves (D:8)
  2 crocodiles (D:10)
  A big kobold (D:9)
  Blork the orc (D:6)
  11 bullfrogs
  A water moccasin zombie (D:9)
  4 scorpions
  9 killer bees
  9 wights
  3 crimson imps
  4 centaur zombies
  2 bullfrog zombies
  A human zombie (Ossuary)
  A jelly (D:9)
  2 orc priests
  7 hounds
  12 orc wizards
  2 quasits
  A gnoll shaman (D:5)
  3 iguanas
  5 worker ants
  2 hound skeletons
  A hound zombie (D:8)
  6 mummies
  8 adders
  12 gnolls
  A shadow imp (D:7)
  3 oozes
  3 adder zombies
  2 worms
  12 dart slugs
  2 leopard geckos
  44 orcs
  8 bats
  9 giant cockroaches
  7 goblins
  9 hobgoblins
  6 jackals
  6 kobolds
  2 quokkas
  2 ball pythons (D:5)
  6 frilled lizards
  2 gnoll zombies (Ossuary)
  A goblin zombie (Ossuary)
  A hobgoblin zombie (Ossuary)
  A jackal skeleton (D:5)
  A leopard gecko skeleton (D:8)
  An orc zombie (Ossuary)
  8 rats
279 creatures vanquished.

Vanquished Creatures (others)
  An orc (D:6)
  41 fungi (D:10)
  28 plants (D:10)
70 creatures vanquished.

Grand Total: 349 creatures vanquished

Notes
Turn   | Place    | Note
-------+----------+-------------------------------------------
     0 | D:1      | dengdeng the Minotaur Berserker began the quest for the
                  | Orb.
     0 | D:1      | Reached XP level 1. HP: 19/19 MP: 0/0
   277 | D:1      | Reached XP level 2. HP: 22/27 MP: 1/1
   279 | D:1      | Reached skill level 4 in Axes
   833 | D:2      | Reached ** piety under Trog
   861 | D:2      | Reached XP level 3. HP: 28/33 MP: 2/2
   915 | D:2      | Found a shimmering altar of Xom.
   923 | D:2      | Found a white marble altar of Elyvilon.
  1420 | D:2      | Found a shimmering altar of Xom.
  1667 | D:2      | Reached XP level 4. HP: 41/41 MP: 3/3
  1757 | D:3      | Reached skill level 1 in Shields
  2157 | D:3      | Noticed a bullfrog
  2169 | D:3      | Killed a bullfrog
  2169 | D:3      | Reached skill level 5 in Axes
  2169 | D:3      | Reached XP level 5. HP: 35/47 MP: 4/4
  2324 | D:3      | Found a stormy altar of Qazlal.
  2646 | D:3      | Reached *** piety under Trog
  2761 | D:3      | Found a basalt altar of Yredelemnul.
  2978 | D:4      | Reached XP level 6. HP: 33/53 MP: 5/5
  3191 | D:4      | Found a sand-covered staircase.
  3202 | Ossuary  | Entered an ossuary
  3276 | Ossuary  | Reached skill level 6 in Axes
  3759 | D:4      | Reached **** piety under Trog
  3759 | D:4      | Reached XP level 7. HP: 60/60 MP: 6/6
  3965 | D:4      | Found a sparkling altar of Nemelex Xobeh.
  4137 | D:5      | Entered Level 5 of the Dungeon
  4140 | D:5      | Found a hide-covered altar of Uskayaw.
  4198 | D:5      | Reached skill level 7 in Axes
  4199 | D:5      | Reached skill level 5 in Fighting
  4231 | D:5      | Found a bloodstained altar of Trog.
  4235 | D:5      | Noticed Grinder
  4259 | D:5      | Killed Grinder
  4259 | D:5      | Reached skill level 5 in Armour
  4413 | D:5      | Reached skill level 5 in Shields
  4413 | D:5      | Reached XP level 8. HP: 69/69 MP: 7/7
  4488 | D:5      | Reached skill level 8 in Axes
  4868 | D:6      | Noticed Menkaure
  4876 | D:6      | Killed Menkaure
  5159 | D:6      | Noticed Eustachio
  5169 | D:6      | Killed Eustachio
  5169 | D:6      | Reached skill level 9 in Axes
  5178 | D:6      | Noticed Edmund
  5208 | D:6      | Killed Edmund
  5367 | D:6      | Noticed Pikel
  5388 | D:6      | Killed Pikel
  5388 | D:6      | Reached skill level 1 in Throwing
  5388 | D:6      | Reached skill level 1 in Stealth
  5388 | D:6      | Reached XP level 9. HP: 64/77 MP: 8/8
  5800 | D:6      | Noticed Blork the orc
  5812 | D:6      | Killed Blork the orc
  5833 | D:6      | Found a burning altar of Makhleb.
  6015 | D:6      | Found a staircase to the Ecumenical Temple.
  6076 | D:7      | Reached ***** piety under Trog
  6388 | D:7      | Reached skill level 10 in Axes
  6811 | D:7      | Found a shimmering blue altar of Sif Muna.
  6887 | D:8      | Noticed Grum
  6894 | D:8      | Killed Grum
  6939 | D:8      | Received a gift from Trog
  7130 | D:8      | Found Eghyz's Armour Shop.
  7222 | D:8      | Reached XP level 10. HP: 86/86 MP: 9/9
  7342 | D:8      | Reached skill level 11 in Axes
  7707 | D:9      | Found Isumnoil's Mayhem Merchandise.
  7741 | D:9      | Found Pen Pass's Gadget Shop.
  7883 | D:9      | Noticed a two-headed ogre
  7891 | D:9      | Killed a two-headed ogre
  7899 | D:9      | Found a blossoming altar of Fedhas.
  8026 | D:9      | Found an ornate altar of the Wu Jian Council.
  8189 | D:9      | Found a shattered altar of Ashenzari.
  8499 | D:10     | Entered Level 10 of the Dungeon
  8503 | D:10     | Reached skill level 12 in Axes
  8729 | D:10     | Found a snail-covered altar of Cheibriados.
  8928 | D:10     | Noticed a five-headed hydra
  8944 | D:10     | Killed a five-headed hydra
  8944 | D:10     | Reached skill level 13 in Axes
  8944 | D:10     | Reached XP level 11. HP: 33/95 MP: 10/10
  9226 | D:10     | Reached skill level 1 in Maces & Flails
  9250 | D:10     | Paralysed by a centaur for 3 turns
  9413 | D:10     | Found a staircase to the Lair.
  9416 | D:10     | Noticed Snorg
  9432 | D:10     | HP: 5/142 [Snorg (8)]
  9432 | D:10     | Mangled by Snorg

Illustrated notes

Levels and vault maps discovered:
D:1:      ebering_hopf_link, layout_basic
D:2:      layout_basic, overflow_temple_1_default, elyvilon_altar_5,
          minmay_misc_feat_enclosed, tgw_xom
D:3:      layout_basic, lemuel_crystal_altar, serial_rivers,
          chequers_serial_rivers_large_a, chequers_serial_rivers_large_b,
          chequers_serial_rivers_micro_c, chequers_serial_rivers_marsh,
          chequers_serial_rivers_micro_d, chequers_serial_rivers_small_b,
          grunt_qazlal_sundering
D:4:      kennysheep_slugbush, layout_basic, nemelex_altar_shiori,
          gup_ossuary_entry_pyramid, first_ration, serial_bayou_lagoon_a
D:5:      layout_gridville, eat_drink_and_be_merry_uskayaw, bloody_trog,
          uniq_grinder
D:6:      layout_basic, minmay_temple_entry_glassed_door, basic_altar,
          uniq_blork_the_orc, uniq_eustachio, uniq_edmund, uniq_pikel,
          uniq_menkaure
D:7:      layout_rooms, kennysheep_little_box
D:8:      layout_basic, serial_shops, shop, uniq_grum
D:9:      minmay_klotski, layout_rooms, lemuel_doored_altar, fedhas_altar_2,
          serial_shops, shop, blue_anna_alchemist [blue_anna_fruit_fields,
          blue_anna_fruit_fields], kennysheep_cluttered_room,
          minmay_shop_mayhem, nicolae_ashenzari_panopticon
D:10:     layout_rooms, due_lair_maze_entry_diamond, grunt_decor_cap,
          cheibriados_altar_1, uniq_snorg

Skill      XL: |  1  2  3  4  5  6  7  8  9 10 11 |
---------------+----------------------------------+-----
Axes           | 4 5 6 7 9 10 13 | 13.2
Fighting       | 4 5 6 7 8 |  8.7
Armour         | 3 4 5 7 8 |  8.3
Shields        | 2 3 5 7 9 |  9.6
Dodging        | 3 4 |  4.9
Throwing       | 1 2 |  2.4
Stealth        | 1 |  1.2
Maces & Flails | 2 |  2.0

Action                   |  1- 3 |  4- 6 |  7- 9 | 10-12 || total
-------------------------+-------+-------+-------+-------++-------
Melee: Hand axe          |   128 |   203 |   227 |       ||   558
       Headbutt          |    10 |    44 |    72 |    42 ||   168
       Battleaxe         |       |       |   125 |       ||   125
       War axe           |       |       |     4 |   208 ||   212
       Flail             |       |       |       |     9 ||     9
Throw: Stone             |       |    10 |       |       ||    10
       Javelin           |       |       |     4 |     3 ||     7
       Boomerang         |       |       |       |     9 ||     9
Invok: Berserk           |       |     1 |     3 |     1 ||     5
  Eat: Chunk             |     3 |     6 |    12 |     8 ||    29
       Ration            |       |     1 |       |       ||     1
Armor: Animal skin       |     3 |       |       |       ||     3
       Ring mail         |    25 |       |       |       ||    25
       Scale mail        |    19 |    30 |       |       ||    49
       Chain mail        |       |    29 |   157 |   117 ||   303
Dodge: Dodged            |    39 |    22 |    68 |   113 ||   242
Block: Tower shield      |    68 |   156 |   205 |       ||   429
       Reflection        |       |     9 |     3 |     6 ||    18
       Other             |       |       |    36 |    58 ||    94
